Icehogs vs Rocket
Created - December 14, 2023 at 20:33
Goals
|
| Icehogs |
3 |
1 |
2 |
6 |
| Rocket |
2 |
3 |
2 |
7 |
|
Shots
|
| Icehogs |
15 |
3 |
10 |
28 |
| Rocket |
13 |
12 |
12 |
37 |
|
1st period
1. Icehogs , Maxim Letunov 2 (Kurtis Gabriel 2, Nick Paul 9) at 4:56
2. Icehogs , Hudson Fasching 25 (Nick Paul 10, Julius Honka 6) at 11:19
3. Rocket , Adam Gaudette 23 (Peter Holland 19) at 11:54
4. Rocket , Peter Holland 7 (Sergey Tolchinsky 11, Dean Kukan 10) at 14:53 (PP)
5. Icehogs , Andrew Poturalski 1 (J.T. Brown 20) at 16:36 (PP)
Penalties :
JC Lipon (Lav) for Goalie Interference (Minor) at 8:24, Duncan Siemens (Roc) for Holding (Minor) at 13:08, Branden Troock (Lav) for Holding (Minor) at 16:28, Nick Paul (Roc) for Tripping (Minor) at 18:21
2nd period
6. Rocket , Karson Kuhlman 4 (Peter Holland 20, Sergey Tolchinsky 12) at 0:46
7. Rocket , Peter Holland 8 (Adam Gaudette 19) at 0:54
8. Rocket , Adam Gaudette 24 (Brandon Pirri 12, Eamon McAdam) at 1:31 (PP)
9. Icehogs , Nick Paul 10 (Hudson Fasching 13, Mike Reilly 14) at 4:19
Penalties :
Calle Andersson (Roc) for Hooking (Minor) at 1:06, Jeremy Davies (Roc) for Hooking (Minor) at 6:06, Andrey Pedan (Lav) for Tripping (Minor) at 8:20, Mackenzie Blackwood (Roc) for Slashing (Minor) at 10:30 - Kurtis Gabriel served the penalty, J.T. Brown (Roc) for High sticking (Minor) at 10:33, Duncan Siemens (Roc) for Hooking (Minor) at 15:13
3rd period
10. Rocket , Brandon Pirri 11 (Adam Gaudette 20, Peter Holland 21) at 1:59
11. Icehogs , J.T. Brown 9 (Andrew Poturalski 18, Mike Reilly 15) at 2:09
12. Rocket , JC Lipon 4 (Sergey Tolchinsky 13, Dominic Turgeon 21) at 5:43
13. Icehogs , Ross Johnston 3 (Kurtis Gabriel 3, Maxim Letunov 5) at 18:48
Penalties :
Duncan Siemens (Roc) for Boarding (Minor) at 7:21, J.T. Brown (Roc) for Tripping (Minor) at 13:50
Goalie Stats
Mackenzie Blackwood (Roc), 18 saves from 20 shots - (0.900), L, 11-12-1, 37:36 minutes
Oscar Dansk (Roc), 12 saves from 17 shots - (0.706), 21:31 minutes
Eamon McAdam (Lav), 22 saves from 28 shots - (0.786), W, 8-3-0, 60:00 minutes
Players Stats for Icehogs
Player Name G A P +/- PIM S H SB GA TA FO MP PP MP PK MP
------------------------------------------------------------------------------------
Adam Boqvist 0 0 0 -1 0 0 0 1 0 0 0/0 12:23 0:00 2:49
Andrew Poturalski 1 1 2 -1 0 1 2 0 2 0 12/30 18:00 2:09 0:00
Calle Andersson 0 0 0 -2 2 0 1 3 0 1 0/0 20:43 1:27 5:49
Duncan Siemens 0 0 0 -2 6 0 2 1 2 1 0/0 17:57 1:27 3:02
Hudson Fasching 1 1 2 2 0 3 2 0 1 1 0/0 20:44 1:53 6:33
J.T. Brown 1 1 2 -1 4 6 0 0 0 0 8/10 26:19 2:09 5:27
Jeremy Davies 0 0 0 -1 2 0 0 0 0 0 0/0 9:30 0:00 0:00
Julius Honka 0 1 1 2 0 0 1 0 0 2 0/0 27:28 2:39 8:03
Kurtis Gabriel 0 2 2 -1 0 2 0 0 0 0 0/1 17:55 0:59 0:03
Maxim Letunov 1 1 2 -1 0 3 0 4 0 0 6/12 15:37 0:00 5:34
Michael Rasmussen 0 0 0 2 0 0 3 0 0 0 5/9 17:04 1:53 3:06
Mike Reilly 0 2 2 3 0 3 2 0 0 1 0/0 29:31 2:39 8:03
Mikhail Grigorenko 0 0 0 0 0 2 0 1 1 0 1/2 5:33 0:58 0:00
Nick Paul 1 2 3 2 2 4 2 0 2 0 1/1 18:56 1:53 4:20
Nikita Scherbak 0 0 0 -1 0 1 0 0 1 0 0/0 8:33 0:20 0:00
Ross Johnston 1 0 1 -1 0 3 2 0 0 0 0/0 10:50 0:04 1:03
Thomas DiPauli 0 0 0 0 0 0 0 0 0 0 0/3 4:11 0:00 0:08
Zach Whitecloud 0 0 0 1 0 0 0 0 0 0 0/0 2:35 0:00 0:31
Players Stats for Rocket
Player Name G A P +/- PIM S H SB GA TA FO MP PP MP PK MP
------------------------------------------------------------------------------------
Adam Gaudette 2 2 4 0 0 5 4 1 1 0 3/9 24:30 7:25 2:33
Andrei Mironov 0 0 0 1 0 1 0 3 1 0 0/0 19:58 5:20 1:51
Andrey Pedan 0 0 0 1 2 1 0 0 0 1 0/0 19:01 5:20 1:06
Branden Troock 0 0 0 0 2 0 0 0 0 0 0/1 10:43 0:02 0:00
Brandon Pirri 1 1 2 0 0 3 2 1 1 2 1/2 24:30 7:25 2:33
Dean Kukan 0 1 1 -2 0 4 0 4 1 3 0/0 30:09 8:47 2:15
Dominic Turgeon 0 1 1 1 0 4 4 0 1 0 16/30 20:18 7:25 1:30
Dylan DeMelo 0 0 0 1 0 2 0 0 0 0 0/0 10:07 0:00 0:03
Jack Glover 0 0 0 1 0 1 0 0 0 0 0/0 10:35 0:00 0:42
Jakob Lilja 0 0 0 0 0 2 0 0 0 0 0/0 11:06 0:02 0:22
JC Lipon 1 0 1 1 2 2 1 1 0 0 1/1 17:15 6:40 0:00
Karson Kuhlman 1 0 1 0 0 1 2 0 0 0 1/4 10:44 0:02 0:00
Luke Kunin 0 0 0 -1 0 0 0 0 0 1 1/2 6:09 0:00 0:00
Mikhail Maltsev 0 0 0 -1 0 0 0 0 0 0 0/0 6:09 0:00 0:00
Peter Holland 2 3 5 0 0 3 2 0 0 0 12/19 21:15 6:40 1:14
Sergey Tolchinsky 0 3 3 1 0 5 1 0 1 1 0/0 17:04 6:40 0:00
Viktor Loov 0 0 0 -2 0 2 1 0 0 1 0/0 30:09 8:47 2:15
Zack MacEwen 0 0 0 -1 0 1 0 0 0 0 0/0 6:09 0:00 0:00
3 Stars
1 - Peter Holland (Lav)
2 - Adam Gaudette (Lav)
3 - Nick Paul (Roc)
Power Play
Icehogs - 1 on 3 Attempt(s) - 33.33%
Rocket - 2 on 9 Attempt(s) - 22.22%
Penalty Kill
Icehogs - 7 on 9 Attempt(s) - 77.78%
- Score 0 goal in Penalty Kill
Rocket - 2 on 3 Attempt(s) - 66.67%
- Score 0 goal in Penalty Kill
Team Stat
Icehogs - Hits : 17 - Faceoff Wins : 33 - Blocked Shots : 10 - Penalty Minutes : 18
Rocket - Hits : 17 - Faceoff Wins : 35 - Blocked Shots : 10 - Penalty Minutes : 6
Official
Referees : Chris Lee and Furman South
Linesman : Libor Suchanek and Andrew Smith
Game Notes
Mikhail Grigorenko is injured at 13:04 of 1st period (Upper Body)
Mackenzie Blackwood enters game at 1:31 of 2nd period
Finance
Level 1 -- Attendance: 1812 (90.60%) -- Ticket Income $126,840
Level 2 -- Attendance: 879 (87.90%) -- Ticket Income $35,160
Total Attendance: 2691 (89.70%)
Total Ticket Income: $162,000
Other Income: $8,100
Total Income: $170,100
Icehogs
5 vs 5 Forward
Center Left Wing Right Wing Time % Phy DF OF
1 Andrew Poturalski Mikhail Grigorenko J.T. Brown 40 1 2 2
2 Michael Rasmussen Nick Paul Hudson Fasching 30 1 2 2
3 Maxim Letunov Ross Johnston Kurtis Gabriel 20 1 2 2
4 Thomas DiPauli J.T. Brown Nikita Scherbak 10 1 2 2
5 vs 5 Defense
Defense Defense Time % Phy DF OF
1 Mike Reilly Julius Honka 40 1 2 2
2 Duncan Siemens Calle Andersson 30 1 2 2
3 Jeremy Davies Adam Boqvist 20 1 2 2
4 Zach Whitecloud Mike Reilly 10 1 2 2
PowerPlay Forward
Center Left Wing Right Wing Time % Phy DF OF
1 Andrew Poturalski Mikhail Grigorenko J.T. Brown 60 1 2 2
2 Michael Rasmussen Nick Paul Hudson Fasching 40 1 2 2
PowerPlay Defense
Defense Defense Time % Phy DF OF
1 Mike Reilly Julius Honka 60 1 2 2
2 Duncan Siemens Calle Andersson 40 1 2 2
Penalty Kill 4 Players Forward
Center Wing Time % Phy DF OF
1 J.T. Brown Hudson Fasching 60 1 2 2
2 Mikhail Grigorenko Nick Paul 40 1 2 2
Penalty Kill 4 Players Defense
Defense Defense Time % Phy DF OF
1 Mike Reilly Julius Honka 60 1 2 2
2 Duncan Siemens Calle Andersson 40 1 2 2
Penalty Kill - 3 Players Forward
Forward Time % Phy DF OF
1 J.T. Brown 60 1 2 2
2 Hudson Fasching 40 1 2 2
Penalty Kill - 3 Players Defense
Defense Defense Time % Phy DF OF
1 Mike Reilly Julius Honka 60 1 2 2
2 Duncan Siemens Calle Andersson 40 1 2 2
4 vs 4 Forward
Center Wing Time % Phy DF OF
1 J.T. Brown Hudson Fasching 60 1 2 2
2 Mikhail Grigorenko Nick Paul 40 1 2 2
4 vs 4 Defense
Defense Defense Time % Phy DF OF
1 Mike Reilly Julius Honka 60 1 2 2
2 Duncan Siemens Calle Andersson 40 1 2 2
Last Minutes Offensive
Center Left Wing Right Wing Defense Defense
Andrew Poturalski Mikhail Grigorenko J.T. Brown Mike Reilly Julius Honka
Last Minutes Defensive
Center Left Wing Right Wing Defense Defense
Andrew Poturalski Mikhail Grigorenko J.T. Brown Mike Reilly Julius Honka
Goaltenders
Starting : Oscar Dansk
Backup : Mackenzie Blackwood
Extra Forwards
Normal : Kurtis Gabriel, Nikita Scherbak, Maxim Letunov - PP : Kurtis Gabriel, Nikita Scherbak - PK : Maxim Letunov
Extra Defensemen
Normal : Jeremy Davies, Adam Boqvist, Zach Whitecloud - PP : Jeremy Davies - PK : Adam Boqvist, Zach Whitecloud
Penalty Shots
J.T. Brown, Hudson Fasching, Mikhail Grigorenko, Nick Paul, Kurtis Gabriel
Custom OT Lines Forwards
J.T. Brown, Hudson Fasching, Mikhail Grigorenko, Nick Paul, Kurtis Gabriel, Andrew Poturalski, Nikita Scherbak, Michael Rasmussen, Maxim Letunov, Ross Johnston
Custom OT Lines Defensemen
Mike Reilly, Julius Honka, Duncan Siemens, Calle Andersson, Jeremy Davies
Scratches
Clark Bishop (Healthy), Kristian Reichel (Healthy), JJ. Piccinich (Healthy), Myles Bell (Healthy), Patrick Russell (Healthy)
Patrick Sieloff (Facial Surgery Injury), Declan Chisholm (Healthy), Dillon Dube (Healthy), Jackson Cates (Healthy), Mitchell Chaffee (Healthy)
Gabriel Fortier (Healthy), Petr Kvaca (Healthy)
Rocket
5 vs 5 Forward
Center Left Wing Right Wing Time % Phy DF OF
1 Peter Holland Brandon Pirri Adam Gaudette 40 1 2 2
2 Dominic Turgeon Sergey Tolchinsky JC Lipon 30 1 2 2
3 Karson Kuhlman Jakob Lilja Branden Troock 20 1 2 2
4 Luke Kunin Mikhail Maltsev Zack MacEwen 10 1 2 2
5 vs 5 Defense
Defense Defense Time % Phy DF OF
1 Dean Kukan Viktor Loov 40 1 2 2
2 Andrey Pedan Andrei Mironov 30 1 2 2
3 Dylan DeMelo Jack Glover 20 1 2 2
4 Dean Kukan Viktor Loov 10 1 2 2
PowerPlay Forward
Center Left Wing Right Wing Time % Phy DF OF
1 Dominic Turgeon Brandon Pirri Adam Gaudette 60 1 2 2
2 Peter Holland Sergey Tolchinsky JC Lipon 40 1 2 2
PowerPlay Defense
Defense Defense Time % Phy DF OF
1 Dean Kukan Viktor Loov 60 1 2 2
2 Andrey Pedan Andrei Mironov 40 1 2 2
Penalty Kill 4 Players Forward
Center Wing Time % Phy DF OF
1 Adam Gaudette Brandon Pirri 60 1 2 2
2 Dominic Turgeon Peter Holland 40 1 2 2
Penalty Kill 4 Players Defense
Defense Defense Time % Phy DF OF
1 Dean Kukan Viktor Loov 60 1 2 2
2 Andrey Pedan Andrei Mironov 40 1 2 2
Penalty Kill - 3 Players Forward
Forward Time % Phy DF OF
1 Adam Gaudette 60 1 2 2
2 Brandon Pirri 40 1 2 2
Penalty Kill - 3 Players Defense
Defense Defense Time % Phy DF OF
1 Dean Kukan Viktor Loov 60 1 2 2
2 Andrey Pedan Andrei Mironov 40 1 2 2
4 vs 4 Forward
Center Wing Time % Phy DF OF
1 Adam Gaudette Brandon Pirri 60 1 2 2
2 Dominic Turgeon Peter Holland 40 1 2 2
4 vs 4 Defense
Defense Defense Time % Phy DF OF
1 Dean Kukan Viktor Loov 60 1 2 2
2 Andrey Pedan Andrei Mironov 40 1 2 2
Last Minutes Offensive
Center Left Wing Right Wing Defense Defense
Dominic Turgeon Brandon Pirri Adam Gaudette Dean Kukan Viktor Loov
Last Minutes Defensive
Center Left Wing Right Wing Defense Defense
Dominic Turgeon Brandon Pirri Adam Gaudette Dean Kukan Viktor Loov
Goaltenders
Starting : Eamon McAdam
Backup : Jamie Phillips
Extra Forwards
Normal : Adam Gaudette, Brandon Pirri, Dominic Turgeon - PP : Adam Gaudette, Brandon Pirri - PK : Adam Gaudette
Extra Defensemen
Normal : Dylan DeMelo, Jack Glover, Andrey Pedan - PP : Dylan DeMelo - PK : Jack Glover, Andrey Pedan
Penalty Shots
Adam Gaudette, Brandon Pirri, Dominic Turgeon, Peter Holland, Sergey Tolchinsky
Custom OT Lines Forwards
Adam Gaudette, Brandon Pirri, Dominic Turgeon, Peter Holland, Sergey Tolchinsky, Karson Kuhlman, Jakob Lilja, Mikhail Maltsev, JC Lipon, Luke Kunin
Custom OT Lines Defensemen
Dean Kukan, Viktor Loov, Andrey Pedan, Andrei Mironov, Dylan DeMelo
Scratches
Damien Giroux (Healthy), Reese Johnson (Healthy), Jake Pivonka (Healthy), Francis Perron (Healthy), Rasmus Sandin (Healthy)
Raphael Bussieres (Sprained Left Finger Injury), Ryan Collins (Healthy), Scott Wilson (Strained Back Injury), Taylor Leier (Healthy), MacKenzie Entwistle (Healthy)
Niklas Nordgren (Healthy), Alexis Gravel (Healthy), Connor Ingram (Healthy)
% Time on Ice - Icehogs
Lines # - Real PCT - Wanted PCT - Time Play
Normal Forward
1 - 37% - 40% - 14:58
2 - 31% - 30% - 12:35
3 - 22% - 20% - 9:01
4 - 10% - 10% - 4:02
Normal Defense
1 - 38% - 40% - 15:36
2 - 33% - 30% - 13:28
3 - 23% - 20% - 9:29
4 - 5% - 10% - 2:03
PP Forward
1 - 54% - 60% - 2:13
2 - 46% - 40% - 1:53
PP Defense
1 - 65% - 60% - 2:39
2 - 35% - 40% - 1:27
PK Forward
1 - 69% - 60% - 8:27
2 - 31% - 40% - 3:44
PK Defense
1 - 58% - 60% - 7:01
2 - 42% - 40% - 5:10
PK3 Forward
1 - 100% - 60% - 1:56
2 - 0% - 40% - 0:00
PK3 Defense
1 - 66% - 60% - 1:17
2 - 34% - 40% - 0:39
44 Forward
1 - 0% - 60%
2 - 0% - 40%
44 Defense
1 - 0% - 60%
2 - 0% - 40%
Last Minute Offensive - 1:11
Last Minute Defensive - 0:00
Total
Forward - 60:00
Defense - 60:00
|
% Time on Ice - Rocket
Lines # - Real PCT - Wanted PCT - Time Play
Normal Forward
1 - 33% - 40% - 13:21
2 - 26% - 30% - 10:40
3 - 26% - 20% - 10:26
4 - 15% - 10% - 6:09
Normal Defense
1 - 41% - 40% - 16:35
2 - 31% - 30% - 12:47
3 - 24% - 20% - 9:53
4 - 3% - 10% - 1:21
PP Forward
1 - 53% - 60% - 7:25
2 - 47% - 40% - 6:42
PP Defense
1 - 62% - 60% - 8:47
2 - 38% - 40% - 5:20
PK Forward
1 - 71% - 60% - 2:55
2 - 29% - 40% - 1:11
PK Defense
1 - 55% - 60% - 2:15
2 - 45% - 40% - 1:51
PK3 Forward
1 - 0% - 60%
2 - 0% - 40%
PK3 Defense
1 - 0% - 60%
2 - 0% - 40%
44 Forward
1 - 0% - 60%
2 - 0% - 40%
44 Defense
1 - 0% - 60%
2 - 0% - 40%
Last Minute Offensive - 0:00
Last Minute Defensive - 1:11
Total
Forward - 60:00
Defense - 60:00
|
Play-by-Play
1st period
0:01 of 1st period - Andrew Poturalski wins face-off versus Peter Holland in neutral zone.
0:08 of 1st period - Viktor Loov is hit by Julius Honka.
0:12 of 1st period - Mike Reilly is hit by Adam Gaudette and loses puck.
0:25 of 1st period - Michael Rasmussen is hit by Sergey Tolchinsky and loses puck.
0:56 of 1st period - Slapshot by Jack Glover.
0:56 of 1st period - Shot Misses the Net.
1:12 of 1st period - Wrist shot by Nikita Scherbak.
1:12 of 1st period - Stopped by Eamon McAdam with a rebound.
1:32 of 1st period - Julius Honka is hit by Brandon Pirri and loses puck.
1:53 of 1st period - Snap shot by Sergey Tolchinsky.
1:53 of 1st period - Shot Misses the Net.
2:15 of 1st period - Andrei Mironov is hit by Ross Johnston.
3:07 of 1st period - Wrist shot by Adam Gaudette.
3:07 of 1st period - Shot Blocked by Duncan Siemens.
3:23 of 1st period - Snap shot by Hudson Fasching.
3:23 of 1st period - Stopped by Eamon McAdam without a rebound.
3:24 of 1st period - Michael Rasmussen wins face-off versus Karson Kuhlman in Rocket zone.
3:25 of 1st period - Snap shot by Hudson Fasching.
3:25 of 1st period - Shot Misses the Net.
3:27 of 1st period - Wrist shot by Adam Boqvist.
3:27 of 1st period - Shot Misses the Net.
3:29 of 1st period - Snap shot by Nick Paul.
3:29 of 1st period - Stopped by Eamon McAdam without a rebound.
3:30 of 1st period - Peter Holland wins face-off versus Andrew Poturalski in Rocket zone.
3:39 of 1st period - Slapshot by Adam Gaudette.
3:39 of 1st period - Stopped by Oscar Dansk with a rebound.
3:41 of 1st period - Slapshot by Dean Kukan.
3:41 of 1st period - Deflect By J.T. Brown.
3:41 of 1st period - Stopped by Oscar Dansk without a rebound.
3:42 of 1st period - Peter Holland wins face-off versus Andrew Poturalski in Icehogs zone.
4:04 of 1st period - Icing by J.T. Brown.
4:05 of 1st period - JC Lipon wins face-off versus Andrew Poturalski in Icehogs zone.
4:08 of 1st period - Slapshot by JC Lipon.
4:08 of 1st period - Shot Blocked by Calle Andersson.
4:10 of 1st period - Snap shot by Jack Glover.
4:10 of 1st period - Stopped by Oscar Dansk with a rebound.
4:12 of 1st period - Wrist shot by Dominic Turgeon.
4:12 of 1st period - Shot Misses the Net.
4:14 of 1st period - Snap shot by Dominic Turgeon.
4:14 of 1st period - Shot Misses the Net.
4:56 of 1st period - Wrist shot by Maxim Letunov.
4:56 of 1st period - Goal by Maxim Letunov - Icehogs : 1 - Rocket : 0.
4:57 of 1st period - Dominic Turgeon wins face-off versus Thomas DiPauli in neutral zone.
4:59 of 1st period - Off-side.
5:00 of 1st period - Dominic Turgeon wins face-off versus Thomas DiPauli in neutral zone.
5:05 of 1st period - Slapshot by Viktor Loov.
5:05 of 1st period - Shot Misses the Net.
5:37 of 1st period - Snap shot by Hudson Fasching.
5:37 of 1st period - Shot Misses the Net.
6:21 of 1st period - Snap shot by J.T. Brown.
6:21 of 1st period - Stopped by Eamon McAdam without a rebound.
6:22 of 1st period - Brandon Pirri wins face-off versus Michael Rasmussen in Rocket zone.
6:27 of 1st period - Hudson Fasching is hit by Adam Gaudette and loses puck.
7:30 of 1st period - Viktor Loov is hit by Michael Rasmussen and loses puck.
7:35 of 1st period - Snap shot by Hudson Fasching.
7:35 of 1st period - Shot Misses the Net.
7:37 of 1st period - Snap shot by Hudson Fasching.
7:37 of 1st period - Shot Misses the Net.
7:49 of 1st period - Snap shot by Adam Gaudette.
7:49 of 1st period - Stopped by Oscar Dansk without a rebound.
7:50 of 1st period - Peter Holland wins face-off versus Thomas DiPauli in Icehogs zone.
8:19 of 1st period - Snap shot by Nikita Scherbak.
8:19 of 1st period - Deflect By J.T. Brown.
8:19 of 1st period - Shot Blocked by Adam Gaudette.
8:19 of 1st period - Puck is out of play.
8:20 of 1st period - Michael Rasmussen wins face-off versus Dominic Turgeon in Rocket zone.
8:24 of 1st period - Minor Penalty to JC Lipon for Goalie Interference.
8:25 of 1st period - Andrew Poturalski wins face-off versus Adam Gaudette in Rocket zone.
8:43 of 1st period - Viktor Loov is hit by Andrew Poturalski.
9:12 of 1st period - Off-side.
9:13 of 1st period - Adam Gaudette wins face-off versus Andrew Poturalski in neutral zone.
9:49 of 1st period - Wrist shot by J.T. Brown.
9:49 of 1st period - Shot Misses the Net.
9:51 of 1st period - Wrist shot by Mikhail Grigorenko.
9:51 of 1st period - Stopped by Eamon McAdam without a rebound.
9:52 of 1st period - Andrew Poturalski wins face-off versus Adam Gaudette in Rocket zone.
9:57 of 1st period - Wrist shot by Mikhail Grigorenko.
9:57 of 1st period - Stopped by Eamon McAdam with a rebound.
9:59 of 1st period - Slapshot by Mikhail Grigorenko.
9:59 of 1st period - Shot Misses the Net.
10:24 of 1st period - Penalty to JC Lipon is over, JC Lipon is back on ice.
10:29 of 1st period - Icing by JC Lipon.
10:30 of 1st period - Maxim Letunov wins face-off versus Adam Gaudette in Rocket zone.
10:35 of 1st period - Snap shot by Kurtis Gabriel.
10:35 of 1st period - Stopped by Eamon McAdam without a rebound.
10:36 of 1st period - Dominic Turgeon wins face-off versus Mikhail Grigorenko in Rocket zone.
11:01 of 1st period - Wrist shot by Hudson Fasching.
11:01 of 1st period - Shot Misses the Net.
11:03 of 1st period - Snap shot by Nick Paul.
11:03 of 1st period - Stopped by Eamon McAdam with a rebound.
11:05 of 1st period - Slapshot by Adam Boqvist.
11:05 of 1st period - Shot Blocked by Dean Kukan.
11:07 of 1st period - Slapshot by Hudson Fasching.
11:07 of 1st period - Stopped by Eamon McAdam without a rebound.
11:08 of 1st period - Peter Holland wins face-off versus Michael Rasmussen in Rocket zone.
11:17 of 1st period - Snap shot by Nick Paul.
11:17 of 1st period - Stopped by Eamon McAdam with a rebound.
11:19 of 1st period - Snap shot by Nick Paul.
11:19 of 1st period - Deflect By Hudson Fasching.
11:19 of 1st period - Goal by Hudson Fasching - Icehogs : 2 - Rocket : 0.
11:20 of 1st period - Dominic Turgeon wins face-off versus Andrew Poturalski in neutral zone.
11:52 of 1st period - Snap shot by Adam Gaudette.
11:52 of 1st period - Stopped by Oscar Dansk without a rebound.
11:53 of 1st period - Peter Holland wins face-off versus Maxim Letunov in Icehogs zone.
11:54 of 1st period - Snap shot by Adam Gaudette.
11:54 of 1st period - Goal by Adam Gaudette - Icehogs : 2 - Rocket : 1.
11:55 of 1st period - Mikhail Grigorenko wins face-off versus Adam Gaudette in neutral zone.
12:00 of 1st period - Snap shot by J.T. Brown.
12:00 of 1st period - Stopped by Eamon McAdam without a rebound.
12:01 of 1st period - Andrew Poturalski wins face-off versus Peter Holland in Rocket zone.
13:04 of 1st period - Snap shot by Adam Gaudette.
13:04 of 1st period - Shot Blocked by Mikhail Grigorenko.
13:04 of 1st period - Mikhail Grigorenko from Icehogs is injured at 13:04 of 1st period (Upper Body).
13:05 of 1st period - Dominic Turgeon wins face-off versus Maxim Letunov in Icehogs zone.
13:06 of 1st period - Slapshot by Sergey Tolchinsky.
13:06 of 1st period - Shot Blocked by Calle Andersson.
13:08 of 1st period - Minor Penalty to Duncan Siemens for Holding.
13:09 of 1st period - J.T. Brown wins face-off versus Dominic Turgeon in Icehogs zone.
13:24 of 1st period - Snap shot by Hudson Fasching.
13:24 of 1st period - Shot Misses the Net.
13:59 of 1st period - Wrist shot by Peter Holland.
13:59 of 1st period - Shot Misses the Net.
14:01 of 1st period - Wrist shot by JC Lipon.
14:01 of 1st period - Shot Blocked by Maxim Letunov.
14:03 of 1st period - Slapshot by Dean Kukan.
14:03 of 1st period - Stopped by Oscar Dansk with a rebound.
14:05 of 1st period - Slapshot by Dean Kukan.
14:05 of 1st period - Shot Blocked by Adam Boqvist.
14:07 of 1st period - Slapshot by Viktor Loov.
14:07 of 1st period - Stopped by Oscar Dansk with a rebound.
14:09 of 1st period - Slapshot by Viktor Loov.
14:09 of 1st period - Shot Misses the Net.
14:11 of 1st period - Slapshot by Dean Kukan.
14:11 of 1st period - Stopped by Oscar Dansk with a rebound.
14:53 of 1st period - Snap shot by Peter Holland.
14:53 of 1st period - Goal by Peter Holland - Icehogs : 2 - Rocket : 2.
14:54 of 1st period - Karson Kuhlman wins face-off versus Andrew Poturalski in neutral zone.
14:57 of 1st period - Slapshot by Andrei Mironov.
14:57 of 1st period - Shot Misses the Net.
15:19 of 1st period - Luke Kunin is hit by Mike Reilly and loses puck.
15:34 of 1st period - Snap shot by Adam Gaudette.
15:34 of 1st period - Shot Misses the Net.
16:28 of 1st period - Minor Penalty to Branden Troock for Holding.
16:29 of 1st period - Andrew Poturalski wins face-off versus Adam Gaudette in Rocket zone.
16:36 of 1st period - Wrist shot by Andrew Poturalski.
16:36 of 1st period - Goal by Andrew Poturalski - Icehogs : 3 - Rocket : 2.
16:37 of 1st period - Dominic Turgeon wins face-off versus Andrew Poturalski in neutral zone.
16:40 of 1st period - Slapshot by Viktor Loov.
16:40 of 1st period - Stopped by Oscar Dansk without a rebound.
16:41 of 1st period - Dominic Turgeon wins face-off versus Andrew Poturalski in Icehogs zone.
16:42 of 1st period - Snap shot by Sergey Tolchinsky.
16:42 of 1st period - Stopped by Oscar Dansk without a rebound.
16:43 of 1st period - Andrew Poturalski wins face-off versus Dominic Turgeon in Icehogs zone.
17:32 of 1st period - Slapshot by Mike Reilly.
17:32 of 1st period - Stopped by Eamon McAdam with a rebound.
18:03 of 1st period - Wrist shot by Andrew Poturalski.
18:03 of 1st period - Shot Misses the Net.
18:05 of 1st period - Snap shot by Andrew Poturalski.
18:05 of 1st period - Shot Misses the Net.
18:19 of 1st period - Wrist shot by Dominic Turgeon.
18:19 of 1st period - Stopped by Oscar Dansk with a rebound.
18:21 of 1st period - Minor Penalty to Nick Paul for Tripping.
18:22 of 1st period - J.T. Brown wins face-off versus Dominic Turgeon in Icehogs zone.
18:59 of 1st period - Hudson Fasching is hit by JC Lipon and loses puck.
19:32 of 1st period - Adam Gaudette is hit by Duncan Siemens and loses puck.
Goals for this period are 3 for Icehogs vs 2 for Rocket.
Shots for this period are 15 for Icehogs vs 13 for Rocket.
2nd period
0:01 of 2nd period - J.T. Brown wins face-off versus Dominic Turgeon in neutral zone.
0:21 of 2nd period - Penalty to Nick Paul is over, Nick Paul is back on ice.
0:30 of 2nd period - Backhand shot by Mike Reilly.
0:30 of 2nd period - Shot Blocked by JC Lipon.
0:46 of 2nd period - Slapshot by Peter Holland.
0:46 of 2nd period - Deflect By Karson Kuhlman.
0:46 of 2nd period - Goal by Karson Kuhlman - Icehogs : 3 - Rocket : 3.
0:47 of 2nd period - Peter Holland wins face-off versus J.T. Brown in neutral zone.
0:54 of 2nd period - Snap shot by Peter Holland.
0:54 of 2nd period - Goal by Peter Holland - Icehogs : 3 - Rocket : 4.
0:55 of 2nd period - Andrew Poturalski wins face-off versus Dominic Turgeon in neutral zone.
0:57 of 2nd period - Off-side.
0:58 of 2nd period - Andrew Poturalski wins face-off versus Dominic Turgeon in neutral zone.
1:06 of 2nd period - Minor Penalty to Calle Andersson for Hooking.
1:07 of 2nd period - J.T. Brown wins face-off versus Dominic Turgeon in Icehogs zone.
1:17 of 2nd period - Snap shot by Brandon Pirri.
1:17 of 2nd period - Deflect By Dominic Turgeon.
1:17 of 2nd period - Stopped by Oscar Dansk without a rebound.
1:18 of 2nd period - J.T. Brown wins face-off versus Dominic Turgeon in Icehogs zone.
1:31 of 2nd period - Slapshot by Adam Gaudette.
1:31 of 2nd period - Goal by Adam Gaudette - Icehogs : 3 - Rocket : 5.
1:31 of 2nd period - Mackenzie Blackwood enters game.
1:32 of 2nd period - Peter Holland wins face-off versus Andrew Poturalski in neutral zone.
2:44 of 2nd period - Andrey Pedan is hit by Ross Johnston and loses puck.
2:51 of 2nd period - Maxim Letunov is hit by Viktor Loov.
3:14 of 2nd period - Off-side.
3:15 of 2nd period - Adam Gaudette wins face-off versus Andrew Poturalski in neutral zone.
3:18 of 2nd period - Wrist shot by Brandon Pirri.
3:18 of 2nd period - Stopped by Mackenzie Blackwood with a rebound.
3:31 of 2nd period - Icing by Dylan DeMelo.
3:32 of 2nd period - Michael Rasmussen wins face-off versus Peter Holland in Rocket zone.
3:37 of 2nd period - Slapshot by Nick Paul.
3:37 of 2nd period - Deflect By Hudson Fasching.
3:37 of 2nd period - Shot Misses the Net.
3:37 of 2nd period - Puck is out of play.
3:38 of 2nd period - Michael Rasmussen wins face-off versus Dominic Turgeon in Rocket zone.
4:12 of 2nd period - Dean Kukan is hit by Nick Paul and loses puck.
4:19 of 2nd period - Snap shot by Nick Paul.
4:19 of 2nd period - Goal by Nick Paul - Icehogs : 4 - Rocket : 5.
4:20 of 2nd period - Andrew Poturalski wins face-off versus Peter Holland in neutral zone.
5:10 of 2nd period - Snap shot by Dylan DeMelo.
5:10 of 2nd period - Shot Blocked by Maxim Letunov.
5:12 of 2nd period - Slapshot by Zack MacEwen.
5:12 of 2nd period - Stopped by Mackenzie Blackwood with a rebound.
5:14 of 2nd period - Wrist shot by Mikhail Maltsev.
5:14 of 2nd period - Shot Blocked by Maxim Letunov.
6:06 of 2nd period - Minor Penalty to Jeremy Davies for Hooking.
6:07 of 2nd period - J.T. Brown wins face-off versus Dominic Turgeon in Icehogs zone.
6:26 of 2nd period - Mike Reilly is hit by Dominic Turgeon.
7:10 of 2nd period - Snap shot by Maxim Letunov.
7:10 of 2nd period - Shot Blocked by Andrei Mironov.
7:33 of 2nd period - Icing by Dean Kukan.
7:34 of 2nd period - Nick Paul wins face-off versus Dominic Turgeon in Rocket zone.
8:06 of 2nd period - Penalty to Jeremy Davies is over, Jeremy Davies is back on ice.
8:20 of 2nd period - Minor Penalty to Andrey Pedan for Tripping.
8:21 of 2nd period - Adam Gaudette wins face-off versus Kurtis Gabriel in Rocket zone.
9:04 of 2nd period - Nick Paul is hit by Adam Gaudette and loses puck.
10:00 of 2nd period - Viktor Loov is hit by Hudson Fasching and loses puck.
10:20 of 2nd period - Penalty to Andrey Pedan is over, Andrey Pedan is back on ice.
10:28 of 2nd period - Slapshot by Luke Kunin.
10:28 of 2nd period - Shot Misses the Net.
10:30 of 2nd period - Slapshot by Dylan DeMelo.
10:30 of 2nd period - Stopped by Mackenzie Blackwood without a rebound.
10:30 of 2nd period - Minor Penalty to Mackenzie Blackwood for Slashing.
10:31 of 2nd period - J.T. Brown wins face-off versus Peter Holland in Icehogs zone.
10:33 of 2nd period - Minor Penalty to J.T. Brown for High sticking.
10:34 of 2nd period - Dominic Turgeon wins face-off versus Maxim Letunov in Icehogs zone.
10:42 of 2nd period - Snap shot by Brandon Pirri.
10:42 of 2nd period - Shot Misses the Net.
10:44 of 2nd period - Slapshot by Dean Kukan.
10:44 of 2nd period - Stopped by Mackenzie Blackwood with a rebound.
11:00 of 2nd period - Peter Holland is hit by Michael Rasmussen and loses puck.
11:13 of 2nd period - Julius Honka is hit by Peter Holland and loses puck.
12:30 of 2nd period - Penalty to Kurtis Gabriel is over, Kurtis Gabriel is back on ice.
12:33 of 2nd period - Penalty to J.T. Brown is over, J.T. Brown is back on ice.
13:21 of 2nd period - Slapshot by Andrei Mironov.
13:21 of 2nd period - Deflect By Mike Reilly.
13:21 of 2nd period - Stopped by Mackenzie Blackwood with a rebound.
14:10 of 2nd period - Snap shot by JC Lipon.
14:10 of 2nd period - Stopped by Mackenzie Blackwood without a rebound.
14:11 of 2nd period - Dominic Turgeon wins face-off versus Michael Rasmussen in Icehogs zone.
14:26 of 2nd period - Dean Kukan is hit by Calle Andersson and loses puck.
14:52 of 2nd period - Slapshot by Jeremy Davies.
14:52 of 2nd period - Shot Blocked by Brandon Pirri.
14:54 of 2nd period - Wrist shot by Ross Johnston.
14:54 of 2nd period - Stopped by Eamon McAdam without a rebound.
14:55 of 2nd period - Dominic Turgeon wins face-off versus Maxim Letunov in Rocket zone.
15:13 of 2nd period - Minor Penalty to Duncan Siemens for Hooking.
15:14 of 2nd period - J.T. Brown wins face-off versus Brandon Pirri in Icehogs zone.
15:14 of 2nd period - J.T. Brown is hit by Adam Gaudette.
15:48 of 2nd period - Slapshot by Peter Holland.
15:48 of 2nd period - Stopped by Mackenzie Blackwood without a rebound.
15:49 of 2nd period - Dominic Turgeon wins face-off versus Maxim Letunov in Icehogs zone.
15:50 of 2nd period - Snap shot by Brandon Pirri.
15:50 of 2nd period - Shot Blocked by Calle Andersson.
15:52 of 2nd period - Slapshot by Andrey Pedan.
15:52 of 2nd period - Deflect By Calle Andersson.
15:52 of 2nd period - Stopped by Mackenzie Blackwood with a rebound.
17:13 of 2nd period - Penalty to Duncan Siemens is over, Duncan Siemens is back on ice.
17:42 of 2nd period - Jack Glover is hit by Andrew Poturalski and loses puck.
17:59 of 2nd period - Nick Paul is hit by Peter Holland and loses puck.
19:24 of 2nd period - Duncan Siemens is hit by Dominic Turgeon and loses puck.
19:50 of 2nd period - Icing by Branden Troock.
19:51 of 2nd period - Michael Rasmussen wins face-off versus Karson Kuhlman in Rocket zone.
19:54 of 2nd period - Slapshot by Mike Reilly.
19:54 of 2nd period - Stopped by Eamon McAdam with a rebound.
Goals for this period are 1 for Icehogs vs 3 for Rocket.
Shots for this period are 3 for Icehogs vs 12 for Rocket.
3rd period
0:01 of 3rd period - Peter Holland wins face-off versus Andrew Poturalski in neutral zone.
0:06 of 3rd period - Slapshot by Brandon Pirri.
0:06 of 3rd period - Stopped by Mackenzie Blackwood with a rebound.
1:19 of 3rd period - Wrist shot by Hudson Fasching.
1:19 of 3rd period - Shot Misses the Net.
1:43 of 3rd period - Slapshot by Jack Glover.
1:43 of 3rd period - Shot Blocked by Maxim Letunov.
1:45 of 3rd period - Slapshot by Dylan DeMelo.
1:45 of 3rd period - Stopped by Mackenzie Blackwood without a rebound.
1:46 of 3rd period - Peter Holland wins face-off versus Maxim Letunov in Icehogs zone.
1:57 of 3rd period - Wrist shot by Brandon Pirri.
1:57 of 3rd period - Shot Misses the Net.
1:59 of 3rd period - Slapshot by Brandon Pirri.
1:59 of 3rd period - Goal by Brandon Pirri - Icehogs : 4 - Rocket : 6.
2:00 of 3rd period - Andrew Poturalski wins face-off versus Peter Holland in neutral zone.
2:03 of 3rd period - Slapshot by Mike Reilly.
2:03 of 3rd period - Stopped by Eamon McAdam with a rebound.
2:07 of 3rd period - Snap shot by Andrew Poturalski.
2:07 of 3rd period - Shot Misses the Net.
2:09 of 3rd period - Backhand shot by J.T. Brown.
2:09 of 3rd period - Goal by J.T. Brown - Icehogs : 5 - Rocket : 6.
2:10 of 3rd period - Peter Holland wins face-off versus Andrew Poturalski in neutral zone.
2:37 of 3rd period - Nick Paul is hit by Dominic Turgeon and loses puck.
2:41 of 3rd period - Icing by Michael Rasmussen.
2:42 of 3rd period - Dominic Turgeon wins face-off versus Michael Rasmussen in Icehogs zone.
2:45 of 3rd period - Slapshot by Sergey Tolchinsky.
2:45 of 3rd period - Stopped by Mackenzie Blackwood without a rebound.
2:46 of 3rd period - Dominic Turgeon wins face-off versus Andrew Poturalski in Icehogs zone.
3:13 of 3rd period - Michael Rasmussen is hit by Brandon Pirri and loses puck.
3:34 of 3rd period - Slapshot by Kurtis Gabriel.
3:34 of 3rd period - Stopped by Eamon McAdam without a rebound.
3:35 of 3rd period - Maxim Letunov wins face-off versus Karson Kuhlman in Rocket zone.
4:03 of 3rd period - Off-side.
4:04 of 3rd period - Peter Holland wins face-off versus Andrew Poturalski in neutral zone.
4:17 of 3rd period - Slapshot by J.T. Brown.
4:17 of 3rd period - Stopped by Eamon McAdam with a rebound.
4:49 of 3rd period - Andrei Mironov is hit by Mike Reilly and loses puck.
5:16 of 3rd period - Sergey Tolchinsky is hit by Michael Rasmussen and loses puck.
5:35 of 3rd period - Wrist shot by Dominic Turgeon.
5:35 of 3rd period - Stopped by Mackenzie Blackwood with a rebound.
5:43 of 3rd period - Snap shot by JC Lipon.
5:43 of 3rd period - Goal by JC Lipon - Icehogs : 5 - Rocket : 7.
5:44 of 3rd period - Peter Holland wins face-off versus Andrew Poturalski in neutral zone.
6:13 of 3rd period - Jakob Lilja is hit by Hudson Fasching.
7:01 of 3rd period - Jack Glover is hit by Duncan Siemens and loses puck.
7:21 of 3rd period - Minor Penalty to Duncan Siemens for Boarding.
7:22 of 3rd period - Dominic Turgeon wins face-off versus J.T. Brown in Icehogs zone.
8:02 of 3rd period - Backhand shot by Maxim Letunov.
8:02 of 3rd period - Stopped by Eamon McAdam with a rebound.
9:21 of 3rd period - Penalty to Duncan Siemens is over, Duncan Siemens is back on ice.
9:27 of 3rd period - Snap shot by Kurtis Gabriel.
9:27 of 3rd period - Deflect By Ross Johnston.
9:27 of 3rd period - Shot Blocked by Dean Kukan.
9:27 of 3rd period - Puck is out of play.
9:28 of 3rd period - Maxim Letunov wins face-off versus Branden Troock in Rocket zone.
9:37 of 3rd period - Snap shot by Kurtis Gabriel.
9:37 of 3rd period - Deflect By Maxim Letunov.
9:37 of 3rd period - Stopped by Eamon McAdam with a rebound.
9:39 of 3rd period - Wrist shot by Kurtis Gabriel.
9:39 of 3rd period - Shot Misses the Net.
9:41 of 3rd period - Snap shot by Ross Johnston.
9:41 of 3rd period - Stopped by Eamon McAdam with a rebound.
10:14 of 3rd period - Slapshot by Michael Rasmussen.
10:14 of 3rd period - Shot Hit the Post.
12:09 of 3rd period - Off-side.
12:10 of 3rd period - Dominic Turgeon wins face-off versus Andrew Poturalski in neutral zone.
12:21 of 3rd period - Slapshot by Dominic Turgeon.
12:21 of 3rd period - Stopped by Mackenzie Blackwood with a rebound.
12:35 of 3rd period - Hudson Fasching is hit by Karson Kuhlman and loses puck.
12:44 of 3rd period - Slapshot by Jakob Lilja.
12:44 of 3rd period - Stopped by Mackenzie Blackwood with a rebound.
12:46 of 3rd period - Wrist shot by Jakob Lilja.
12:46 of 3rd period - Stopped by Mackenzie Blackwood without a rebound.
12:47 of 3rd period - Maxim Letunov wins face-off versus Peter Holland in Icehogs zone.
13:31 of 3rd period - Icing by Kurtis Gabriel.
13:32 of 3rd period - Andrew Poturalski wins face-off versus Dominic Turgeon in Icehogs zone.
13:37 of 3rd period - Snap shot by J.T. Brown.
13:37 of 3rd period - Shot Blocked by Andrei Mironov.
13:50 of 3rd period - Minor Penalty to J.T. Brown for Tripping.
13:51 of 3rd period - Maxim Letunov wins face-off versus Dominic Turgeon in Icehogs zone.
14:11 of 3rd period - Duncan Siemens is hit by Dominic Turgeon and loses puck.
14:26 of 3rd period - Slapshot by Viktor Loov.
14:26 of 3rd period - Deflect By Sergey Tolchinsky.
14:26 of 3rd period - Stopped by Mackenzie Blackwood with a rebound.
14:28 of 3rd period - Wrist shot by Peter Holland.
14:28 of 3rd period - Shot Misses the Net.
14:30 of 3rd period - Snap shot by Sergey Tolchinsky.
14:30 of 3rd period - Shot Misses the Net.
14:32 of 3rd period - Slapshot by Sergey Tolchinsky.
14:32 of 3rd period - Stopped by Mackenzie Blackwood with a rebound.
14:42 of 3rd period - Adam Gaudette is hit by Nick Paul and loses puck.
15:50 of 3rd period - Penalty to J.T. Brown is over, J.T. Brown is back on ice.
16:05 of 3rd period - Backhand shot by J.T. Brown.
16:05 of 3rd period - Stopped by Eamon McAdam without a rebound.
16:06 of 3rd period - Andrew Poturalski wins face-off versus Luke Kunin in Rocket zone.
16:11 of 3rd period - Snap shot by J.T. Brown.
16:11 of 3rd period - Stopped by Eamon McAdam without a rebound.
16:12 of 3rd period - Luke Kunin wins face-off versus Andrew Poturalski in Rocket zone.
16:43 of 3rd period - Duncan Siemens is hit by Karson Kuhlman and loses puck.
18:27 of 3rd period - Slapshot by Sergey Tolchinsky.
18:27 of 3rd period - Stopped by Mackenzie Blackwood with a rebound.
18:42 of 3rd period - Icing by Andrei Mironov.
18:43 of 3rd period - Maxim Letunov wins face-off versus Adam Gaudette in Rocket zone.
18:46 of 3rd period - Slapshot by Kurtis Gabriel.
18:46 of 3rd period - Shot Blocked by Andrei Mironov.
18:48 of 3rd period - Slapshot by Ross Johnston.
18:48 of 3rd period - Goal by Ross Johnston - Icehogs : 6 - Rocket : 7.
18:49 of 3rd period - Dominic Turgeon wins face-off versus Andrew Poturalski in neutral zone.
19:07 of 3rd period - Icehogs, Mackenzie Blackwood is pulled from the net.
19:35 of 3rd period - Wrist shot by Andrew Poturalski.
19:35 of 3rd period - Shot Misses the Net.
19:37 of 3rd period - Snap shot by J.T. Brown.
19:37 of 3rd period - Shot Blocked by Dean Kukan.
19:47 of 3rd period - Wrist shot by J.T. Brown.
19:47 of 3rd period - Shot Blocked by Dean Kukan.
19:53 of 3rd period - Wrist shot by Andrew Poturalski.
19:53 of 3rd period - Shot Misses the Net.
19:58 of 3rd period - Snap shot by Mike Reilly.
19:58 of 3rd period - Shot Misses the Net.
Goals for this period are 2 for Icehogs vs 2 for Rocket.
Shots for this period are 10 for Icehogs vs 12 for Rocket.
Output by the SimonT Hockey Simulator (STHS) for Francois Prevost